[Event "Titled Tuesday Blitz February 07 Early 2023"]
[White "Postny, Evgeny"]
[Black "Terry, Renato"]
[WhiteFideId "2804344"]
[BlackFideId "3803457"]
[WhiteElo "2549"]
[BlackElo "2520"]
[Result "1/2-1/2"]
[Round "04"]
[TimeControl "180+2"]
[Date "2023.02.07"]
[WhiteClock "0:00:12"]
[BlackClock "0:00:02"]

1. Nf3 d5 2. c4 d4 3. g3 Nc6 4. Bg2 e5 5. d3 Nf6 6. O-O a5 7. Bg5 Be7 8. Na3 O-O 9. Nc2 Bf5 10. Nd2 Nd7 11. Bxe7 Nxe7 12. Bxb7 Rb8 13. Bg2 Rxb2 14. Qc1 Rb6 15. Qa3 Bg4 16. Rfe1 Ra6 17. Rab1 c5 18. Rb7 Nc8 19. h3 Bf5 20. Ne4 Bxe4 21. Bxe4 Nd6 22. Rb2 Nxe4 23. dxe4 Rh6 24. Kg2 Nb6 25. Qd3 Na4 26. Rb5 Qc7 27. f3 Nc3 28. Rb2 Qd7 29. g4 Rg6 30. Ne3 h5 31. Nd5 Nxd5 32. cxd5 hxg4 33. hxg4 c4 34. Qxc4 Rxg4+ 35. fxg4 Qxg4+ 36. Kf1 Qf4+ 37. Kg2 Qxe4+ 38. Kf2 Qf4+ 39. Kg2 Qg4+ 40. Kf2 Qh4+ 41. Kg2 Qxe1 42. d6 Qh4 43. Qd5 Qg4+ 44. Kf2 Qf4+ 45. Kg2 Rd8 46. Rb7 Qg4+ 47. Kf1 Qf5+ 48. Ke1 Qf4 49. d7 Qc1+ 50. Kf2 Qf4+ 51. Ke1 Qc1+ 52. Kf2 Qe3+ 53. Ke1 e4 54. Qxa5 Qc1+ 55. Kf2 Qe3+ 56. Ke1 Qc1+ 57. Kf2 Qf4+ 58. Ke1 Qc1+ 1/2-1/2


[Site "https://www.chess.com"]

[Event "Titled Tuesday Blitz February 07 Early 2023"]
[White "Rakhmanov, Aleksandr"]
[Black "Indjic, Aleksandar"]
[WhiteFideId "4173708"]
[BlackFideId "911925"]
[WhiteElo "2632"]
[BlackElo "2618"]
[Result "1-0"]
[Round "04"]
[TimeControl "180+2"]
[Date "2023.02.07"]
[WhiteClock "0:00:54"]
[BlackClock "0:00:02"]

1. Nf3 d5 2. g3 Nc6 3. d4 Bf5 4. Bg2 Nb4 5. Na3 e6 6. c3 Nc6 7. Qb3 Rb8 8. O-O h5 9. h4 Nf6 10. Ne5 Nxe5 11. dxe5 Nd7 12. c4 Nc5 13. Qd1 c6 14. Be3 a5 15. Rc1 Ne4 16. cxd5 exd5 17. Nc2 c5 18. Bf4 g5 19. hxg5 d4 20. e6 Nxg5 21. Bxb8 Qxb8 22. Nxd4 Bg4 23. Nc6 Qc7 24. Qd7+ Qxd7 25. exd7+ 1-0


[Site "https://www.chess.com"]

[Event "Titled Tuesday Blitz February 07 Early 2023"]
[White "Zierk, Steven"]
[Black "Paichadze, Luka"]
[WhiteFideId "2034255"]
[BlackFideId "13602934"]
[WhiteElo "2488"]
[BlackElo "2515"]
[Result "1-0"]
[Round "04"]
[TimeControl "180+2"]
[Date "2023.02.07"]
[WhiteClock "0:00:44"]
[BlackClock "0:00:13"]

1. e4 c6 2. d4 d5 3. e5 Bf5 4. Nf3 e6 5. Be2 Ne7 6. O-O Nd7 7. a4 h6 8. a5 Bh7 9. c4 dxc4 10. Bxc4 Nd5 11. Nc3 Be7 12. Qe2 O-O 13. Ne4 Re8 14. Bd2 Nf8 15. Rfc1 Ng6 16. g3 Nf8 17. Ne1 Rb8 18. Nd3 Nd7 19. b4 a6 20. Ndc5 Nxc5 21. bxc5 Bxe4 22. Qxe4 Bf8 23. h4 h5 24. Rab1 g6 25. Rb3 Nc7 26. Kg2 Nb5 27. Rd3 Re7 28. Bg5 Qxa5 29. Bxe7 Bxe7 30. Bxe6 Kg7 31. Bxf7 Kxf7 32. e6+ Kg7 33. Qe5+ Bf6 34. Qxb8 Nxd4 35. Qxb7+ Kh6 36. Qf7 Qd8 37. e7 Bxe7 38. Qf4+ g5 39. Qxd4 1-0


[Site "https://www.chess.com"]

[Event "Titled Tuesday Blitz February 07 Early 2023"]
[White "Galchenko, Matvey"]
[Black "Sjugirov, Sanan"]
[WhiteFideId "24175480"]
[BlackFideId "4189302"]
[WhiteElo "2438"]
[BlackElo "2712"]
[Result "0-1"]
[Round "04"]
[TimeControl "180+2"]
[Date "2023.02.07"]
[WhiteClock "0:00:10"]
[BlackClock "0:00:05"]

1. e4 c5 2. c3 Nf6 3. e5 Nd5 4. Nf3 d6 5. Bc4 Nb6 6. Bb3 c4 7. Bc2 Nc6 8. exd6 Qxd6 9. O-O Bg4 10. Re1 e6 11. b3 cxb3 12. axb3 Be7 13. Na3 O-O 14. Nc4 Qc7 15. h3 Bh5 16. d4 Nd5 17. Bd2 b5 18. Ne3 Nxe3 19. Bxe3 a6 20. Qd2 Bxf3 21. Qd3 g6 22. gxf3 Rfc8 23. Re2 Bd6 24. Qe4 Ne7 25. Bd2 Nd5 26. c4 bxc4 27. bxc4 Qxc4 28. Bd3 Qc6 29. Ree1 Bb4 30. Bxb4 Nxb4 31. Qxc6 Nxc6 32. Be4 Rab8 33. d5 exd5 34. Bxd5 Nb4 35. Be4 Rb5 36. Ra4 Rcb8 37. Rc1 Kg7 38. Rc7 Kf8 39. Rc1 R5b6 40. Kg2 Kg7 41. Ra5 h5 42. Rca1 Rb5 43. R5a4 f5 44. Bb1 Nd5 45. Bd3 Rb4 46. Bxa6 Nf4+ 47. Kg3 Kf6 48. Rxb4 Rxb4 49. Bf1 g5 50. h4 gxh4+ 51. Kxh4 Ng6+ 52. Kg3 h4+ 53. Kh2 Kg5 54. Ra5 Rb2 55. Kg1 Nf4 56. Ra8 Rb1 57. Rg8+ Kf6 58. Re8 h3 59. Rh8 Ne2+ 60. Kh2 Rxf1 61. Rxh3 Rxf2+ 62. Kh1 Nd4 63. Rh6+ Kg5 64. Rh8 Rxf3 65. Rg8+ Kf4 66. Rd8 Rd3 67. Kg2 Rd2+ 68. Kf1 Ke4 69. Re8+ Kf3 70. Ra8 Rd1# 0-1


[Site "https://www.chess.com"]

[Event "Titled Tuesday Blitz February 07 Early 2023"]
[White "Ahmadzada, Ahmad"]
[Black "Ibarra Jerez, Jose Carlos"]
[WhiteFideId "13413007"]
[BlackFideId "2226332"]
[WhiteElo "2488"]
[BlackElo "2563"]
[Result "1-0"]
[Round "04"]
[TimeControl "180+2"]
[Date "2023.02.07"]
[WhiteClock "0:00:15"]
[BlackClock "0:00:02"]

1. Nf3 d6 2. e4 c5 3. h3 Nf6 4. c3 g6 5. Bd3 Bg7 6. O-O O-O 7. Bc2 Nc6 8. d4 cxd4 9. cxd4 d5 10. e5 Ne4 11. Re1 Qb6 12. Nc3 Nxc3 13. bxc3 f6 14. Bb3 Qd8 15. exf6 exf6 16. Ba3 Rf7 17. c4 Na5 18. cxd5 Nxb3 19. Qxb3 b6 20. d6 Bf8 21. Ne5 fxe5 22. dxe5 Qh4 23. e6 Qxf2+ 24. Kh1 Bxe6 25. Qxe6 Qf5 26. Qb3 Rd8 27. Rf1 Qd7 28. Rae1 Rc8 29. Rxf7 Qxf7 30. d7 Rd8 31. Re8 Qxb3 32. axb3 Rxd7 33. Rxf8+ Kg7 34. Rc8 Kh6 35. Bc1+ g5 36. Rc6+ Kh5 37. Kh2 g4 38. Rh6# 1-0


[Site "https://www.chess.com"]

[Event "Titled Tuesday Blitz February 07 Early 2023"]
[White "Vokhidov, Shamsiddin"]
[Black "Kilic, Eray"]
[WhiteFideId "14204223"]
[BlackFideId "44517173"]
[WhiteElo "2586"]
[BlackElo "2414"]
[Result "0-1"]
[Round "04"]
[TimeControl "180+2"]
[Date "2023.02.07"]
[WhiteClock "0:01:40"]
[BlackClock "0:01:24"]

1. e4 c5 2. b3 Nc6 3. Bb2 e5 4. Nf3 d6 5. Bc4 Be7 6. c3 Nf6 7. Qe2 O-O 8. O-O a6 9. d4 cxd4 10. cxd4 Bg4 11. d5 Nb8 12. Nbd2 b5 13. Bd3 Nbd7 14. a4 bxa4 15. Rxa4 Nc5 16. Ra3 Nh5 17. g3 Bg5 18. h3 Bxh3 19. Nxg5 Qxg5 20. Nf3 Bxf1 21. Qxf1 Qf6 22. Be2 Nxe4 23. Qh3 g6 24. Ra4 Ng5 25. Nxg5 Qxg5 26. Rh4 Nf4 27. Qf1 Nxe2+ 28. Qxe2 h5 29. Kg2 Rfc8 30. f4 Qf5 0-1


[Site "https://www.chess.com"]

[Event "Titled Tuesday Blitz February 07 Early 2023"]
[White "Keymer, Vincent"]
[Black "Avinash, Ramesh"]
[WhiteFideId "12940690"]
[BlackFideId "45018340"]
[WhiteElo "2700"]
[BlackElo "2319"]
[Result "1/2-1/2"]
[Round "04"]
[TimeControl "180+2"]
[Date "2023.02.07"]
[WhiteClock "0:00:06"]
[BlackClock "0:00:20"]

1. a3 Nf6 2. Nf3 g6 3. b4 Bg7 4. Bb2 O-O 5. c4 c6 6. e3 d5 7. h3 a5 8. b5 dxc4 9. Bxc4 cxb5 10. Bxb5 Bd7 11. Be2 b5 12. O-O Na6 13. Ne5 Nc5 14. d4 Na4 15. Qb3 Nxb2 16. Qxb2 Rb8 17. Rc1 Ne4 18. Bf3 Nd6 19. Nd2 Bxe5 20. dxe5 Nc4 21. Nxc4 bxc4 22. Qe2 Be6 23. Bg4 Qd3 24. Qxd3 cxd3 25. Bxe6 fxe6 26. Rc3 Rb2 27. f4 Rd8 28. Rd1 d2 29. Kf2 Ra2 30. Ke2 h5 31. g3 Kf7 32. Rb3 Rd7 33. Rc3 Rd8 34. g4 hxg4 35. hxg4 Rh8 36. Rd3 Rh2+ 37. Kf3 a4 38. g5 Kf8 39. Ke4 Kf7 40. Kd4 Rc2 41. Rc3 Ra2 42. Kc4 Rh8 43. Kd3 Rd8+ 44. Ke2 Rd7 45. Rd3 Rxd3 46. Kxd3 Rxa3+ 47. Kxd2 Ra2+ 48. Kc3 Ra3+ 49. Kd4 Rb3 50. Rd3 Rb4+ 51. Kc5 Re4 52. Ra3 Kf8 53. Kb5 Kf7 54. Kc5 Kf8 55. Kc6 Kf7 56. Kb5 Kf8 57. Kc5 Kf7 58. Kb5 Kf8 59. Kc5 Kf7 60. Kb5 1/2-1/2


[Site "https://www.chess.com"]

[Event "Titled Tuesday Blitz February 07 Early 2023"]
[White "Bruzon Batista, Lazaro"]
[Black "Fier, Alexandr"]
[WhiteFideId "3503739"]
[BlackFideId "2107139"]
[WhiteElo "2611"]
[BlackElo "2589"]
[Result "1-0"]
[Round "04"]
[TimeControl "180+2"]
[Date "2023.02.07"]
[WhiteClock "0:01:08"]
[BlackClock "0:00:33"]

1. e4 Nf6 2. e5 Nd5 3. d4 d6 4. Nf3 g6 5. Bc4 Nb6 6. Bb3 Bg7 7. Qe2 O-O 8. h3 Nc6 9. O-O Na5 10. Re1 Nxb3 11. axb3 a5 12. Nc3 Bd7 13. Bg5 f6 14. Be3 Bc6 15. exf6 exf6 16. d5 Bd7 17. Bxb6 cxb6 18. Nd4 Re8 19. Ne6 Qc8 20. Ne4 Qb8 21. Qd2 f5 22. Nxg7 Rxe4 23. Ne6 Bxe6 24. dxe6 Qc7 25. Rxe4 fxe4 26. Ra4 Re8 27. Rxe4 Re7 28. c4 Qc5 29. Re3 Kf8 30. Qc3 Kg8 31. Qf6 Qc7 32. h4 Qd8 33. h5 Qe8 34. hxg6 hxg6 35. Rh3 Rg7 36. Qh4 Qxe6 37. Qh8+ Kf7 38. Rf3+ 1-0


[Site "https://www.chess.com"]

[Event "Titled Tuesday Blitz February 07 Early 2023"]
[White "Kamsky, Gata"]
[Black "Iniyan, P"]
[WhiteFideId "2000024"]
[BlackFideId "25002767"]
[WhiteElo "2665"]
[BlackElo "2525"]
[Result "1-0"]
[Round "04"]
[TimeControl "180+2"]
[Date "2023.02.07"]
[WhiteClock "0:00:50"]
[BlackClock "0:00:04"]

1. d4 Nf6 2. Nf3 b6 3. Bf4 Bb7 4. e3 e6 5. Nbd2 Be7 6. h3 O-O 7. a4 c5 8. c3 Nc6 9. Bd3 d6 10. Bh2 cxd4 11. exd4 e5 12. O-O exd4 13. Nxd4 Nxd4 14. cxd4 Rc8 15. Re1 Nd5 16. Be4 Ba8 17. Qb3 Nc7 18. Bf5 Rb8 19. Qd3 g6 20. Be4 d5 21. Bf3 Bd6 22. Bxd6 Qxd6 23. Nb1 Ne6 24. Nc3 Rfd8 25. Bg4 Nf4 26. Qd2 h5 27. Re5 hxg4 28. Qxf4 Kg7 29. Qxg4 Qb4 30. Re2 Rbc8 31. Qf4 Rc4 32. Rd1 Bc6 33. Rd3 Qd6 34. Qxd6 Rxd6 35. b3 Rb4 36. Na2 1-0


[Site "https://www.chess.com"]

[Event "Titled Tuesday Blitz February 07 Early 2023"]
[White "Pulpan, Jakub"]
[Black "Timofeev, Artyom"]
[WhiteFideId "302759"]
[BlackFideId "4140419"]
[WhiteElo "2427"]
[BlackElo "2567"]
[Result "0-1"]
[Round "04"]
[TimeControl "180+2"]
[Date "2023.02.07"]
[WhiteClock "0:00:02"]
[BlackClock "0:00:05"]

1. Nf3 Nf6 2. b3 c5 3. e3 d6 4. d4 cxd4 5. exd4 d5 6. Bb2 g6 7. Be2 Bg7 8. O-O O-O 9. Ne5 b6 10. Nd2 Bb7 11. Ndf3 Ne4 12. Re1 Nd7 13. Nxd7 Qxd7 14. Bd3 Rac8 15. c4 Nd6 16. Ne5 Qd8 17. Rc1 dxc4 18. bxc4 Ne8 19. Qa4 a6 20. Qa3 Nf6 21. d5 Re8 22. Qb3 b5 23. Nc6 Bxc6 24. dxc6 Rxc6 25. cxb5 Rxc1 26. Rxc1 axb5 27. Bxb5 Rf8 28. a4 Qb6 29. Qf3 Rd8 30. g3 h5 31. Qe2 e6 32. Kg2 h4 33. Rc4 Qb7+ 34. Bc6 Qa6 35. Bb5 Qb7+ 36. Bc6 Qa6 37. Rc2 Qb6 38. Qf3 Nd5 39. Bxg7 Kxg7 40. Bxd5 Rxd5 41. Qc3+ Kh7 42. Qf6 Qb7 43. Qf3 h3+ 44. Kxh3 Rh5+ 45. Qxh5+ gxh5 46. Rc4 Qa6 47. Rf4 Kg6 48. Kg2 e5 49. Rh4 f5 50. h3 e4 51. g4 fxg4 52. hxg4 Kg5 53. Rxh5+ Kxg4 54. Rh8 Qxa4 55. Rg8+ Kf4 56. Rf8+ Ke5 57. Rg8 e3 58. Rg5+ Kf6 59. Rg3 e2 60. Re3 Qd1 61. Kf3 e1=Q+ 0-1


[Site "https://www.chess.com"]

[Event "Titled Tuesday Blitz February 07 Early 2023"]
[White "Orozbaev, Eldiar"]
[Black "Pap, Gyula"]
[WhiteFideId "13802240"]
[BlackFideId "725323"]
[WhiteElo "2235"]
[BlackElo "2429"]
[Result "1-0"]
[Round "04"]
[TimeControl "180+2"]
[Date "2023.02.07"]
[WhiteClock "0:01:33"]
[BlackClock "0:00:21"]

1. e4 e5 2. Nf3 Nc6 3. d4 exd4 4. c3 d5 5. Bd3 dxe4 6. Bxe4 Nf6 7. Bxc6+ bxc6 8. Nxd4 c5 9. Qe2+ Qe7 10. Qxe7+ Bxe7 11. Nc6 Bd6 12. O-O Kd7 13. Na5 Ba6 14. Rd1 Rhe8 15. Be3 Ng4 16. Bxc5 Re5 17. Bxd6 cxd6 18. Nb3 Rae8 19. N1d2 Re2 20. Nd4 Nxf2 21. Rf1 Rxd2 22. Rxf2 Rxf2 23. Kxf2 f5 24. Re1 Rb8 25. b3 f4 26. Nf5 Rf8 27. Re7+ Kc6 28. Nd4+ Kd5 29. Rxa7 Bd3 30. Ra5+ Ke4 31. Ne6 Rf5 32. Ng5+ 1-0


[Site "https://www.chess.com"]

[Event "Titled Tuesday Blitz February 07 Early 2023"]
[White "Beerdsen, Thomas"]
[Black "Bachmann, Axel"]
[WhiteFideId "1030108"]
[BlackFideId "3700488"]
[WhiteElo "2507"]
[BlackElo "2604"]
[Result "0-1"]
[Round "04"]
[TimeControl "180+2"]
[Date "2023.02.07"]
[WhiteClock "0:00:02"]
[BlackClock "0:00:09"]

1. e4 e5 2. Bc4 Nf6 3. d3 c6 4. Nf3 d6 5. Bb3 Be7 6. O-O Nbd7 7. c3 h6 8. Re1 Nf8 9. d4 Ng6 10. Nbd2 O-O 11. Nc4 Qc7 12. a4 b6 13. h3 Re8 14. Qc2 Bf8 15. Bd2 Ba6 16. Rad1 Rad8 17. Bc1 Bc8 18. Ba2 a6 19. b4 b5 20. Na5 c5 21. d5 cxb4 22. Nc6 bxc3 23. axb5 axb5 24. Nxd8 Rxd8 25. Ba3 Nf4 26. Re3 g5 27. Nh2 g4 28. hxg4 Nxg4 29. Nxg4 Bxg4 30. Rg3 h5 31. f3 Qa7+ 32. Kh2 Qxa3 33. fxg4 b4 34. gxh5+ Kh8 35. Bb3 Bh6 36. Rf3 Qa6 37. g3 Qe2+ 38. Qxe2 Nxe2 39. Rxf7 Nd4 40. Ba4 b3 41. Bxb3 Nxb3 42. Rc7 Nc5 43. Rf1 c2 0-1


[Site "https://www.chess.com"]

[Event "Titled Tuesday Blitz February 07 Early 2023"]
[White "Sattarov, Bobir"]
[Black "Makarian, Rudik"]
[WhiteFideId "14203081"]
[BlackFideId "44105681"]
[WhiteElo "2366"]
[BlackElo "2545"]
[Result "1-0"]
[Round "04"]
[TimeControl "180+2"]
[Date "2023.02.07"]
[WhiteClock "0:00:11"]
[BlackClock "0:00:04"]

1. e4 c5 2. Nf3 e6 3. d4 cxd4 4. Nxd4 Nc6 5. Bf4 d6 6. Nxc6 bxc6 7. c4 e5 8. Be3 f5 9. exf5 Bxf5 10. Bd3 Qd7 11. O-O Nf6 12. Nc3 Be7 13. Bxf5 Qxf5 14. Qa4 Qd7 15. Rad1 O-O 16. f3 Qb7 17. Rf2 Kh8 18. Rfd2 a5 19. b3 h6 20. Rd3 Rfd8 21. Kh1 d5 22. cxd5 cxd5 23. Bf2 Bb4 24. Bh4 d4 25. Bxf6 gxf6 26. Ne4 f5 27. Ng3 Rf8 28. f4 Rad8 29. fxe5 f4 30. Nh5 f3 31. Nf6 fxg2+ 32. Kg1 Qb6 33. a3 Bc5 34. b4 axb4 35. axb4 Qxb4 36. Qc2 Be7 37. Qc1 Kg7 38. Rg3+ Kf7 39. Qxh6 Rh8 40. Qg6+ Ke6 41. Qg4+ Kf7 42. Qf5 1-0


[Site "https://www.chess.com"]

[Event "Titled Tuesday Blitz February 07 Early 2023"]
[White "Ter-Sahakyan, Samvel"]
[Black "Vaishali, Rameshbabu"]
[WhiteFideId "13302531"]
[BlackFideId "5091756"]
[WhiteElo "2617"]
[BlackElo "2418"]
[Result "1/2-1/2"]
[Round "04"]
[TimeControl "180+2"]
[Date "2023.02.07"]
[WhiteClock "0:00:06"]
[BlackClock "0:00:03"]

1. d4 Nf6 2. c4 g6 3. Nc3 d5 4. Nf3 Bg7 5. Qb3 dxc4 6. Qxc4 O-O 7. e4 Nc6 8. h3 e5 9. dxe5 Nd7 10. e6 Nde5 11. exf7+ Rxf7 12. Nxe5 Nxe5 13. Qb3 Qe7 14. Be3 Be6 15. Qc2 c6 16. O-O-O b5 17. f4 Nc4 18. Bxc4 Bxc4 19. e5 Qe6 20. b3 Bd5 21. Nxd5 cxd5 22. Kb1 g5 23. g3 a6 24. Qd3 Rd8 25. h4 gxf4 26. gxf4 d4 27. Bd2 Qf5 28. Qxf5 Rxf5 29. Rhg1 Kf7 30. Rg5 Rxg5 31. hxg5 Kg6 32. Rh1 d3 33. Rh3 Rd5 34. Kb2 Bf8 35. Kc3 b4+ 36. Kc4 Rd8 37. Rxd3 Rc8+ 38. Kd5 Kf5 39. Be3 Rd8+ 40. Kc4 Rc8+ 41. Kd5 Rd8+ 42. Kc4 Rc8+ 43. Kd4 Rd8+ 44. Kc4 1/2-1/2


[Site "https://www.chess.com"]

[Event "Titled Tuesday Blitz February 07 Early 2023"]
[White "Malek, Jan"]
[Black "Remizov, Yaroslav"]
[WhiteFideId "21864080"]
[BlackFideId "34134015"]
[WhiteElo "2370"]
[BlackElo "2421"]
[Result "1/2-1/2"]
[Round "04"]
[TimeControl "180+2"]
[Date "2023.02.07"]
[WhiteClock "0:00:06"]
[BlackClock "0:00:23"]

1. c4 Nf6 2. Nf3 e6 3. g3 d5 4. Bg2 dxc4 5. Qa4+ Nbd7 6. Qxc4 a6 7. Qc2 c5 8. O-O Be7 9. Nc3 O-O 10. d4 Ra7 11. Rd1 b5 12. dxc5 Bxc5 13. Bg5 Qb6 14. e3 Bb7 15. a4 h6 16. Bxf6 Nxf6 17. axb5 axb5 18. Rxa7 Qxa7 19. Nxb5 Qb6 20. Nc3 Rc8 21. Na4 Qa5 22. Nxc5 Rxc5 23. b4 Rxc2 24. bxa5 Ra2 25. Ne5 Bxg2 26. Kxg2 Ne4 27. Kf3 f5 28. Nd3 Rxa5 29. Kg2 Ra2 30. Rf1 Kh7 31. Nf4 e5 32. Nd3 Ra5 33. Rc1 Nf6 34. Rc5 Rxc5 35. Nxc5 Kg6 36. Nd3 Nd7 37. f3 Kf6 38. e4 g6 39. Kf2 Ke6 40. Ke3 Nf6 41. Nc5+ Kd6 42. Nd3 Nd7 43. h4 Ke6 44. Ke2 Nf6 45. Ke3 Nh5 46. Kf2 Nf6 47. Ke3 Ne8 48. Nc5+ Kd6 49. Nd3 Nf6 50. Kf2 Nh5 51. exf5 gxf5 52. g4 fxg4 53. fxg4 Nf6 54. g5 hxg5 55. hxg5 Ne4+ 56. Ke3 Nxg5 57. Nxe5 1/2-1/2


[Site "https://www.chess.com"]

[Event "Titled Tuesday Blitz February 07 Early 2023"]
[White "Bjerre, Jonas Buhl"]
[Black "Assaubayeva, Bibisara"]
[WhiteFideId "1444948"]
[BlackFideId "13708694"]
[WhiteElo "2602"]
[BlackElo "2464"]
[Result "0-1"]
[Round "04"]
[TimeControl "180+2"]
[Date "2023.02.07"]
[WhiteClock "0:00:13"]
[BlackClock "0:00:06"]

1. Nf3 Nf6 2. c4 e6 3. g3 d5 4. d4 Bb4+ 5. Bd2 Be7 6. Bg2 O-O 7. O-O b6 8. Nc3 Bb7 9. cxd5 exd5 10. Ne5 Nbd7 11. Bf4 a6 12. Rc1 c5 13. dxc5 Nxc5 14. Bg5 Nfe4 15. Bxe7 Qxe7 16. Nf3 Rfd8 17. Nd4 Rac8 18. e3 h6 19. Rc2 Qf6 20. Qg4 Qe5 21. Nxe4 dxe4 22. Rfc1 h5 23. Qf5 Qxf5 24. Nxf5 Kf8 25. a3 Nd3 26. Rxc8 Bxc8 27. Rc6 Bxf5 28. Rxb6 Nxb2 29. h3 Rd1+ 30. Kh2 Nd3 31. g4 hxg4 32. hxg4 Bxg4 33. Rxa6 Nxf2 34. Kg3 Rd2 35. Ra8+ Ke7 36. a4 Bd7 37. a5 f5 38. a6 Ra2 39. Bf1 Nd1 40. Kf4 Rf2+ 41. Ke5 Nxe3 42. a7 Ra2 43. Bh3 Ra5+ 44. Kd4 Ng4 45. Bxg4 fxg4 46. Ke3 g3 47. Rg8 Rxa7 48. Rxg7+ Kf6 49. Rh7 Ra3+ 50. Kf4 Bf5 51. Rh1 Rf3# 0-1


[Site "https://www.chess.com"]

[Event "Titled Tuesday Blitz February 07 Early 2023"]
[White "Ozen, Bahadir"]
[Black "Alex_Sahakyan2006"]
[WhiteFideId "6337058"]
[WhiteElo "2369"]
[BlackElo "2712"]
[Result "1-0"]
[Round "04"]
[TimeControl "180+2"]
[Date "2023.02.07"]
[WhiteClock "0:00:14"]
[BlackClock "0:00:02"]

1. g3 d5 2. Nf3 Bg4 3. Bg2 Nd7 4. h3 Bxf3 5. Bxf3 c6 6. d3 Ngf6 7. O-O e6 8. e4 dxe4 9. dxe4 Ne5 10. Bg2 Bc5 11. Qe2 h5 12. Kh1 h4 13. g4 Nfxg4 14. hxg4 h3 15. Bf3 Qf6 16. Nd2 O-O-O 17. Rg1 Rxd2 18. Bxd2 Qxf3+ 19. Qxf3 Nxf3 20. Rgd1 Rh4 21. Bc3 Rxg4 22. Rd3 Ng5 23. f3 Rg2 24. Rad1 Bb6 25. Be5 Rxc2 26. Bf4 f6 27. Bxg5 fxg5 28. R3d2 Rxd2 29. Rxd2 Bc7 30. e5 Bxe5 31. Re2 Bxb2 32. Rxb2 Kd7 33. Kh2 1-0


[Site "https://www.chess.com"]

[Event "Titled Tuesday Blitz February 07 Early 2023"]
[White "Orzech, Dominik"]
[Black "Guseinov, Gadir"]
[WhiteFideId "1115065"]
[BlackFideId "13401378"]
[WhiteElo "2308"]
[BlackElo "2661"]
[Result "1/2-1/2"]
[Round "04"]
[TimeControl "180+2"]
[Date "2023.02.07"]
[WhiteClock "0:00:16"]
[BlackClock "0:00:10"]

1. d4 Nf6 2. Nf3 g6 3. c4 Bg7 4. g3 O-O 5. Bg2 c5 6. Nc3 cxd4 7. Nxd4 Qc7 8. b3 d5 9. Bf4 Qa5 10. Bd2 dxc4 11. bxc4 Qd8 12. Nb3 Nc6 13. O-O Be6 14. Nc5 Bxc4 15. Nxb7 Qc7 16. Qa4 Nd4 17. Bf4 e5 18. Bg5 Rac8 19. Rac1 Qb6 20. Rfe1 h6 21. Bxf6 Bxf6 22. e3 Nb5 23. Nd5 Bxd5 24. Bxd5 Nc3 25. Qb3 e4 26. Kg2 Qxb3 27. Bxb3 Rc7 28. Nd6 Re7 29. Rc2 Rd8 30. Nc4 a5 31. Nxa5 Ra8 32. Nc6 Rc7 33. Nd4 Rac8 34. Rec1 Bxd4 35. exd4 Nb5 36. Rxc7 Rxc7 37. Rxc7 Nxc7 38. Kf1 Kf8 39. Ke2 Ke7 40. g4 f5 41. gxf5 gxf5 42. Ke3 Kf6 43. h4 Na6 44. a3 Nc7 45. Bc4 Na8 46. a4 Nb6 47. Bb3 Ke7 48. a5 Nc8 49. Bd5 Na7 50. a6 Kf6 51. Kf4 Nb5 52. Bb7 Nxd4 53. a7 Ne6+ 54. Ke3 Nc7 55. a8=Q Nxa8 56. Bxa8 Ke5 57. Ke2 f4 58. Bb7 Kf5 59. Bc6 Ke5 60. Bd7 Kd4 61. Bf5 Ke5 62. Bg6 Kd4 63. h5 Ke5 64. Kd2 e3+ 65. Ke2 exf2 66. Kxf2 Kf6 67. Kf3 Kg7 68. Kg4 f3 69. Kg3 f2 70. Bd3 f1=Q 71. Bxf1 Kh8 72. Kf4 Kg8 73. Kf5 Kh8 74. Kg6 Kg8 75. Bc4+ Kh8 76. Kxh6 1/2-1/2


[Site "https://www.chess.com"]

[Event "Titled Tuesday Blitz February 07 Early 2023"]
[White "Jaskolka, Tomasz"]
[Black "Kaasen, Tor Fredrik"]
[WhiteFideId "1170791"]
[BlackFideId "1516647"]
[WhiteElo "2238"]
[BlackElo "2480"]
[Result "0-1"]
[Round "04"]
[TimeControl "180+2"]
[Date "2023.02.07"]
[WhiteClock "0:00:50"]
[BlackClock "0:00:41"]

1. d4 Nf6 2. Bf4 g6 3. Nc3 d5 4. e3 Bg7 5. h4 c6 6. Nf3 Bg4 7. Be2 Qb6 8. Rb1 Nbd7 9. Ne5 Bxe2 10. Qxe2 h5 11. Nd3 O-O 12. O-O Rfe8 13. a4 a5 14. Ne5 Nxe5 15. Bxe5 Ng4 16. Bxg7 Kxg7 17. Qd3 e5 18. f3 exd4 19. fxg4 Rxe3 20. Qd2 dxc3 21. Qf2 Rf8 22. bxc3 Qc5 23. Rbe1 Rxc3 24. Qxc5 Rxc5 25. Re7 hxg4 26. Rxb7 Rxc2 27. Rf4 g3 28. Kf1 c5 29. Rb5 Re8 30. Rb7 Rc1# 0-1


[Site "https://www.chess.com"]

[Event "Titled Tuesday Blitz February 07 Early 2023"]
[White "Perez Ponsa, Federico"]
[Black "Ladan, Nicholas"]
[WhiteFideId "117927"]
[BlackFideId "30918855"]
[WhiteElo "2532"]
[BlackElo "2228"]
[Result "1-0"]
[Round "04"]
[TimeControl "180+2"]
[Date "2023.02.07"]
[WhiteClock "0:00:06"]
[BlackClock "0:00:06"]

1. e4 e5 2. Nf3 Nc6 3. d4 exd4 4. Nxd4 Bc5 5. Nb3 Bb6 6. Qe2 Nge7 7. Nc3 O-O 8. Be3 f5 9. O-O-O f4 10. Bxb6 axb6 11. Kb1 d6 12. h4 Qe8 13. h5 Be6 14. h6 g5 15. Nb5 Rc8 16. N3d4 Ng6 17. Qh5 Qe7 18. Nxe6 Qxe6 19. Qxg5 Qxe4 20. Bd3 Qe5 21. Qg4 Ne7 22. Rhe1 Qf6 23. Re6 Qf7 24. Rde1 Rfe8 25. Bxg6 Nxg6 26. Nxc7 Rxe6 27. Nxe6 Re8 28. Re2 Qf6 29. Nc7 Rxe2 30. Qxe2 Qe5 31. Qxe5 dxe5 32. Kc1 Nh4 33. g3 Nf5 34. gxf4 exf4 35. Nd5 f3 36. Nxb6 Nxh6 37. Kd2 Ng4 38. Ke1 h5 39. Nd5 h4 40. Nf4 Kf7 41. Nh3 Ke6 42. Ng1 Ne5 43. Kd2 Kf5 44. Ke3 Kg4 45. Ke4 Nc4 46. b3 Nd2+ 47. Ke3 Nf1+ 48. Ke4 h3 49. Nxf3 Nd2+ 50. Nxd2 h2 51. f3+ Kg3 52. Nf1+ Kg2 53. Nxh2 Kxh2 54. f4 Kg3 55. f5 Kg4 56. f6 1-0


[Site "https://www.chess.com"]

[Event "Titled Tuesday Blitz February 07 Early 2023"]
[White "Alexakis, Dimitris"]
[Black "Senlle Caride, Miguel"]
[WhiteFideId "4277023"]
[BlackFideId "2282500"]
[WhiteElo "2436"]
[BlackElo "2343"]
[Result "0-1"]
[Round "04"]
[TimeControl "180+2"]
[Date "2023.02.07"]
[WhiteClock "0:00:37"]
[BlackClock "0:00:07"]

1. e4 e5 2. Nf3 Nc6 3. d4 exd4 4. Nxd4 Bb4+ 5. c3 Bc5 6. Be3 Bb6 7. Na3 Nf6 8. Bd3 O-O 9. O-O Re8 10. Re1 d5 11. Nxc6 bxc6 12. exd5 Bxe3 13. fxe3 cxd5 14. b4 Ng4 15. h3 Ne5 16. Nc2 Qg5 17. Kh1 Qg3 18. Re2 Bg4 19. Qe1 Qxe1+ 20. Rexe1 Nxd3 21. hxg4 Nxe1 22. Rxe1 a5 23. b5 Re4 24. Rd1 Rd8 25. Kg1 Rxg4 26. Kf2 Rd6 27. Nd4 Rf6+ 28. Nf3 Ra4 29. Rxd5 Rxa2+ 30. Kg3 h6 31. Ne5 Rff2 32. Rd8+ Kh7 33. Rd7 Rxg2+ 34. Kf4 Raf2+ 35. Ke4 f5+ 36. Kd5 Rd2+ 37. Kc6 Rxd7 38. Nxd7 a4 39. Kxc7 a3 40. b6 Rb2 41. b7 Rxb7+ 42. Kxb7 a2 43. Nf8+ Kg8 44. Ng6 a1=Q 45. Ne7+ Kf7 46. Nc6 Qxc3 47. Kc7 Qxe3 48. Kd6 Qe4 49. Nd8+ Kf6 50. Nc6 Qe6+ 51. Kc7 Qxc6+ 52. Kxc6 f4 53. Kd5 Kf5 54. Kd4 Kg4 55. Kd3 f3 56. Kd2 Kg3 57. Kc3 f2 0-1


[Site "https://www.chess.com"]

[Event "Titled Tuesday Blitz February 07 Early 2023"]
[White "Nouri, Alekhine"]
[Black "Daneshvar, Bardiya"]
[WhiteFideId "5216184"]
[BlackFideId "12576468"]
[WhiteElo "2257"]
[BlackElo "2540"]
[Result "0-1"]
[Round "04"]
[TimeControl "180+2"]
[Date "2023.02.07"]
[WhiteClock "0:00:19"]
[BlackClock "0:01:25"]

1. e4 Nf6 2. e5 Nd5 3. Nf3 d6 4. d4 g6 5. c4 Nb6 6. Nc3 Bg7 7. Be2 dxe5 8. Nxe5 c5 9. Be3 cxd4 10. Qxd4 N6d7 11. Bf4 Nxe5 12. Qxd8+ Kxd8 13. O-O-O+ Bd7 14. Rd5 Nbc6 15. Rhd1 Kc8 16. Bxe5 Nxe5 17. f4 Bc6 18. fxe5 Bxd5 19. Nxd5 e6 20. Nf6 Bxf6 21. exf6 Rd8 22. Re1 Rd4 23. Rf1 Kc7 24. b3 Rad8 25. Bf3 Rd2 26. Kb1 R8d3 27. Re1 Rc3 28. h4 Rcc2 29. Rxe6 fxe6 30. f7 Rb2+ 31. Kc1 Rdc2+ 32. Kd1 Rxg2 33. Kc1 Rgc2+ 34. Kd1 Rf2 35. Kc1 Rxf3 0-1


[Site "https://www.chess.com"]